Map: Deathaura LE

Players

lukaba - Winner!

  • Race: Protoss Protoss
  • League: Silver
  • Spawn Location: 5:00

Throwfordays

  • Race: Protoss Protoss
  • League: Silver
  • Spawn Location: 11:00

VOD

Have the link to the VOD?

Description

Time

  • Played on: July 17, 2020, 6:07 p.m.
  • Length: 2:29
Show
View Real Time Build Order
Export as new Build Order

lukaba Protoss - Winner!

Build Orders:  

Get SALT Encoding   

  12  0:01  Probe  
  13  0:19  Pylon  
  13  0:20  Probe  
  14  0:32  Probe  
  15  0:41  Gateway  
  15  0:47  Assimilator  
  15  0:50  Assimilator  
  15  1:29  Zealot  
  15  1:32  Probe  
  18  1:40  Probe  
  19  1:49  Probe  
  20  2:01  Probe  
  21  2:09  Probe  
  22  2:17  Probe  
Show
View Real Time Build Order
Export as new Build Order

Throwfordays Protoss 

Build Orders: Cannon Rush 

Get SALT Encoding   

  12  0:00  Probe  
  13  0:15  Pylon  
  13  0:17  Probe  
  14  0:25  Probe  
  15  0:42  Forge  
  15  0:52  Pylon  
  15  0:59  Pylon  
  15  1:05  Pylon  
  15  1:17  Photon Cannon  
  15  1:22  Photon Cannon  
  15  1:27  Photon Cannon  
  15  1:32  Photon Cannon  
  15  1:38  Photon Cannon  
  15  1:50  Photon Cannon  
  15  1:55  Photon Cannon  
  15  2:07  Photon Cannon, Probe  
  16  2:22  Photon Cannon  
Tags
 
Matchup
PvP
Replay Pack
Multiplayer
Spawn Locations
Cross Positions
Add a new tag
Caveats
  • Supply blocks, unpowered buildings, or Contaminate may cause inaccurate times.
  • Supply counts are checked every 10 seconds.